Workbook
Name adj: Benefits!$C$6
Name cost: Costs!$C$8:$G$14
Name downstream: Benefits!$C$61:$D$67
Name energy: Benefits!$C$45:$D$46
Name floodval: Results!$B$23:$G$28
Name habitat: Benefits!$C$57:$D$59
Name inflator: #REF!
Name landcost: Results!$P$4:$U$10
Name lease: Results!$O$13:$T$20
Name nitrogen: Benefits!$C$24:$D$30
Name phos: Benefits!$C$31:$D$37
Name purchase: Results!$O$3:$T$10
Name rec: Benefits!$C$38:$D$44
Name sedcost: Benefits!$C$17:$D$23
Name stormwatercost: Benefits!$C$10:$D$16
Name volume: Benefits!$L$19:$M$25

Sheet Introduction
B2: Welcome!
B4: Welcome to the green stormwater infrastructure (GSI) BC tool! The purpose of this tool is to help you compare different types of GSI based on input you provide the tool. It is intended to provide approximate estimates of benefits and costs for GSI in the North Central Texas region. This tool measures lifecycle benefits and costs over a period of 50 years. Begin by entering inputs related to your project in the Project Inputs and Results tab. If desired, you may change the default benefits and costs in the Benefits and Costs tabs according to the specifics of your project. Funding Partners: Texas General Land Office, U.S. Department of Housing and Urban Development; Texas Water Development Board; Texas Department of Transportation, Federal Highway Administration; Federal Emergency Management Agency

Sheet Project Inputs & Results
B2: User Input and Results
B4: Step 1. Select parameters in the green cells of the user input column according to your project. Results will appear in the table to the right, and change as you make additional inputs. Results represent lifecycle benefits and costs over a period of 50 years.
B6: User Input
B8: In what year will the project begin to provide benefits?
B9: Number of homes within 250 feet of GSI
B10: If you are considering a natural area, which habitat best describes your site?
B11: Do you need to acquire land for your project?
B12: What is the current land use of the land to be acquired?
B13: Land cost per acre (if known)
B14: Watershed
B15: County
B16: Enter project area in | E16: Results | F16: =IF(COUNTIF(C18:C24,FALSE)=7,"",CONCATENATE("Quantified benefits for "&C17," ",C16)) | H16: =IF(C23=FALSE,"",CONCATENATE("or ",IF((OR(C25="",1)),"for one tree",C25&" trees")))
B17: Project area: | E17: BMP | F17: Avoided Downstream Flood Damages | G17: Avoided Stormwater Management Costs | H17: Energy Use | I17: Air Quality | J17: Habitat | K17: Reduced Pavement Maintenance | L17: Aesthetics | M17: Water Quality | N17: Total Lifecycle Benefits | O17: Total Lifecycle Costs | P17: BC Ratio over 50 Years
B18: Bioretention | C18: FALSE | E18: =IF(OR($C$16=0, $C$16="", NOT($C18)), "", IF($C$16="Acres", Results!B4, IF($C$16="Square feet", Results!B14, ""))) | F18: =IFERROR(IF(NOT($C18), "", IF(OR($C$16=0, $C$16=""), "", IF($C$16="Acres", IF(Results!C4<10, ROUND(Results!C4,0), IF(Results!C4<100, ROUND(Results!C4,-1), IF(Results!C4<1000, ROUND(Results!C4,-2), ROUND(Results!C4,-3)))), IF($C$16="Square feet", IF(Results!C14<10, ROUND(Results!C14,0), IF(Results!C14<100, ROUND(Results!C14,-1), IF(Results!C14<1000, ROUND(Results!C14,-2), ROUND(Results!C14,-3)))), "")))),"Choose a watershed...") | G18: =IFERROR(IF(NOT($C18), "", IF(OR($C$16=0, $C$16=""), "", IF($C$16="Acres", IF(Results!D4<10, ROUND(Results!D4,0), IF(Results!D4<100, ROUND(Results!D4,-1), IF(Results!D4<1000, ROUND(Results!D4,-2), ROUND(Results!D4,-3)))), IF($C$16="Square feet", IF(Results!D14<10, ROUND(Results!D14,0), IF(Results!D14<100, ROUND(Results!D14,-1), IF(Results!D14<1000, ROUND(Results!D14,-2), ROUND(Results!D14,-3)))), "")))),"Awaiting user input...") | H18: =IFERROR(IF(NOT($C18), "", IF(OR($C$16=0, $C$16=""), "", IF($C$16="Acres", IF(Results!E4<10, ROUND(Results!E4,0), IF(Results!E4<100, ROUND(Results!E4,-1), IF(Results!E4<1000, ROUND(Results!E4,-2), ROUND(Results!E4,-3)))), IF($C$16="Square feet", IF(Results!E14<10, ROUND(Results!E14,0), IF(Results!E14<100, ROUND(Results!E14,-1), IF(Results!E14<1000, ROUND(Results!E14,-2), ROUND(Results!E14,-3)))), "")))),"Awaiting user input...") | I18: =IFERROR(IF(NOT($C18), "", IF(OR($C$16=0, $C$16=""), "", IF($C$16="Acres", IF(Results!F4<10, ROUND(Results!F4,0), IF(Results!F4<100, ROUND(Results!F4,-1), IF(Results!F4<1000, ROUND(Results!F4,-2), ROUND(Results!F4,-3)))), IF($C$16="Square feet", IF(Results!F14<10, ROUND(Results!F14,0), IF(Results!F14<100, ROUND(Results!F14,-1), IF(Results!F14<1000, ROUND(Results!F14,-2), ROUND(Results!F14,-3)))), "")))),"Awaiting user input...") | J18: =IFERROR(IF(NOT($C18), "", IF(OR($C$16=0, $C$16=""), "", IF($C$16="Acres", IF(Results!G4<10, ROUND(Results!G4,0), IF(Results!G4<100, ROUND(Results!G4,-1), IF(Results!G4<1000, ROUND(Results!G4,-2), ROUND(Results!G4,-3)))), IF($C$16="Square feet", IF(Results!G14<10, ROUND(Results!G14,0), IF(Results!G14<100, ROUND(Results!G14,-1), IF(Results!G14<1000, ROUND(Results!G14,-2), ROUND(Results!G14,-3)))), "")))),"Awaiting user input...") | K18: =IFERROR(IF(NOT($C18), "", IF(OR($C$16=0, $C$16=""), "", IF($C$16="Acres", IF(Results!H4<10, ROUND(Results!H4,0), IF(Results!H4<100, ROUND(Results!H4,-1), IF(Results!H4<1000, ROUND(Results!H4,-2), ROUND(Results!H4,-3)))), IF($C$16="Square feet", IF(Results!H14<10, ROUND(Results!H14,0), IF(Results!H14<100, ROUND(Results!H14,-1), IF(Results!H14<1000, ROUND(Results!H14,-2), ROUND(Results!H14,-3)))), "")))),"Awaiting user input...") | L18: =IFERROR(IF(NOT($C18), "", IF(OR($C$16=0, $C$16=""), "", IF($C$16="Acres", IF(Results!I4<10, ROUND(Results!I4,0), IF(Results!I4<100, ROUND(Results!I4,-1), IF(Results!I4<1000, ROUND(Results!I4,-2), ROUND(Results!I4,-3)))), IF($C$16="Square feet", IF(Results!I14<10, ROUND(Results!I14,0), IF(Results!I14<100, ROUND(Results!I14,-1), IF(Results!I14<1000, ROUND(Results!I14,-2), ROUND(Results!I14,-3)))), "")))),"Awaiting user input...") | M18: =IFERROR(IF(NOT($C18), "", IF(OR($C$16=0, $C$16=""), "", IF($C$16="Acres", IF(Results!J4<10, ROUND(Results!J4,0), IF(Results!J4<100, ROUND(Results!J4,-1), IF(Results!J4<1000, ROUND(Results!J4,-2), ROUND(Results!J4,-3)))), IF($C$16="Square feet", IF(Results!J14<10, ROUND(Results!J14,0), IF(Results!J14<100, ROUND(Results!J14,-1), IF(Results!J14<1000, ROUND(Results!J14,-2), ROUND(Results!J14,-3)))), "")))),"Awaiting user input...") | N18: =IFERROR(IF(NOT($C18), "", IF(OR($C$16=0, $C$16=""), "", IF($C$16="Acres", IF(Results!K4<10, ROUND(Results!K4,0), IF(Results!K4<100, ROUND(Results!K4,-1), IF(Results!K4<1000, ROUND(Results!K4,-2), ROUND(Results!K4,-3)))), IF($C$16="Square feet", IF(Results!K14<10, ROUND(Results!K14,0), IF(Results!K14<100, ROUND(Results!K14,-1), IF(Results!K14<1000, ROUND(Results!K14,-2), ROUND(Results!K14,-3)))), "")))),"Awaiting user input...") | O18: =IFERROR(IF(NOT($C18), "", IF(OR($C$16=0, $C$16=""), "", IF($C$16="Acres", IF(Results!L4<10, ROUND(Results!L4,0), IF(Results!L4<100, ROUND(Results!L4,-1), IF(Results!L4<1000, ROUND(Results!L4,-2), ROUND(Results!L4,-3)))), IF($C$16="Square feet", IF(Results!L14<10, ROUND(Results!L14,0), IF(Results!L14<100, ROUND(Results!L14,-1), IF(Results!L14<1000, ROUND(Results!L14,-2), ROUND(Results!L14,-3)))), "")))),"Choose county and land use...") | P18: =IFERROR(IF(NOT($C18), "", IF(OR($C$16=0, $C$16=""), "", IF($C$16="Acres", Results!M4, IF($C$16="Square feet", Results!M14, "")))),"Awaiting user input...")
B19: Detention Pond | C19: FALSE | E19: =IF(OR($C$16=0, $C$16="", NOT($C19)), "", IF($C$16="Acres", Results!B5, IF($C$16="Square feet", Results!B15, ""))) | F19: =IFERROR(IF(NOT($C19), "", IF(OR($C$16=0, $C$16=""), "", IF($C$16="Acres", IF(Results!C5<10, ROUND(Results!C5,0), IF(Results!C5<100, ROUND(Results!C5,-1), IF(Results!C5<1000, ROUND(Results!C5,-2), ROUND(Results!C5,-3)))), IF($C$16="Square feet", IF(Results!C15<10, ROUND(Results!C15,0), IF(Results!C15<100, ROUND(Results!C15,-1), IF(Results!C15<1000, ROUND(Results!C15,-2), ROUND(Results!C15,-3)))), "")))),"Choose a watershed...") | G19: =IFERROR(IF(NOT($C19), "", IF(OR($C$16=0, $C$16=""), "", IF($C$16="Acres", IF(Results!D5<10, ROUND(Results!D5,0), IF(Results!D5<100, ROUND(Results!D5,-1), IF(Results!D5<1000, ROUND(Results!D5,-2), ROUND(Results!D5,-3)))), IF($C$16="Square feet", IF(Results!D15<10, ROUND(Results!D15,0), IF(Results!D15<100, ROUND(Results!D15,-1), IF(Results!D15<1000, ROUND(Results!D15,-2), ROUND(Results!D15,-3)))), "")))),"Awaiting user input...") | H19: =IFERROR(IF(NOT($C19), "", IF(OR($C$16=0, $C$16=""), "", IF($C$16="Acres", IF(Results!E5<10, ROUND(Results!E5,0), IF(Results!E5<100, ROUND(Results!E5,-1), IF(Results!E5<1000, ROUND(Results!E5,-2), ROUND(Results!E5,-3)))), IF($C$16="Square feet", IF(Results!E15<10, ROUND(Results!E15,0), IF(Results!E15<100, ROUND(Results!E15,-1), IF(Results!E15<1000, ROUND(Results!E15,-2), ROUND(Results!E15,-3)))), "")))),"Awaiting user input...") | I19: =IFERROR(IF(NOT($C19), "", IF(OR($C$16=0, $C$16=""), "", IF($C$16="Acres", IF(Results!F5<10, ROUND(Results!F5,0), IF(Results!F5<100, ROUND(Results!F5,-1), IF(Results!F5<1000, ROUND(Results!F5,-2), ROUND(Results!F5,-3)))), IF($C$16="Square feet", IF(Results!F15<10, ROUND(Results!F15,0), IF(Results!F15<100, ROUND(Results!F15,-1), IF(Results!F15<1000, ROUND(Results!F15,-2), ROUND(Results!F15,-3)))), "")))),"Awaiting user input...") | J19: =IFERROR(IF(NOT($C19), "", IF(OR($C$16=0, $C$16=""), "", IF($C$16="Acres", IF(Results!G5<10, ROUND(Results!G5,0), IF(Results!G5<100, ROUND(Results!G5,-1), IF(Results!G5<1000, ROUND(Results!G5,-2), ROUND(Results!G5,-3)))), IF($C$16="Square feet", IF(Results!G15<10, ROUND(Results!G15,0), IF(Results!G15<100, ROUND(Results!G15,-1), IF(Results!G15<1000, ROUND(Results!G15,-2), ROUND(Results!G15,-3)))), "")))),"Awaiting user input...") | K19: =IFERROR(IF(NOT($C19), "", IF(OR($C$16=0, $C$16=""), "", IF($C$16="Acres", IF(Results!H5<10, ROUND(Results!H5,0), IF(Results!H5<100, ROUND(Results!H5,-1), IF(Results!H5<1000, ROUND(Results!H5,-2), ROUND(Results!H5,-3)))), IF($C$16="Square feet", IF(Results!H15<10, ROUND(Results!H15,0), IF(Results!H15<100, ROUND(Results!H15,-1), IF(Results!H15<1000, ROUND(Results!H15,-2), ROUND(Results!H15,-3)))), "")))),"Awaiting user input...") | L19: =IFERROR(IF(NOT($C19), "", IF(OR($C$16=0, $C$16=""), "", IF($C$16="Acres", IF(Results!I5<10, ROUND(Results!I5,0), IF(Results!I5<100, ROUND(Results!I5,-1), IF(Results!I5<1000, ROUND(Results!I5,-2), ROUND(Results!I5,-3)))), IF($C$16="Square feet", IF(Results!I15<10, ROUND(Results!I15,0), IF(Results!I15<100, ROUND(Results!I15,-1), IF(Results!I15<1000, ROUND(Results!I15,-2), ROUND(Results!I15,-3)))), "")))),"Awaiting user input...") | M19: =IFERROR(IF(NOT($C19), "", IF(OR($C$16=0, $C$16=""), "", IF($C$16="Acres", IF(Results!J5<10, ROUND(Results!J5,0), IF(Results!J5<100, ROUND(Results!J5,-1), IF(Results!J5<1000, ROUND(Results!J5,-2), ROUND(Results!J5,-3)))), IF($C$16="Square feet", IF(Results!J15<10, ROUND(Results!J15,0), IF(Results!J15<100, ROUND(Results!J15,-1), IF(Results!J15<1000, ROUND(Results!J15,-2), ROUND(Results!J15,-3)))), "")))),"Awaiting user input...") | N19: =IFERROR(IF(NOT($C19), "", IF(OR($C$16=0, $C$16=""), "", IF($C$16="Acres", IF(Results!K5<10, ROUND(Results!K5,0), IF(Results!K5<100, ROUND(Results!K5,-1), IF(Results!K5<1000, ROUND(Results!K5,-2), ROUND(Results!K5,-3)))), IF($C$16="Square feet", IF(Results!K15<10, ROUND(Results!K15,0), IF(Results!K15<100, ROUND(Results!K15,-1), IF(Results!K15<1000, ROUND(Results!K15,-2), ROUND(Results!K15,-3)))), "")))),"Awaiting user input...") | O19: =IFERROR(IF(NOT($C19), "", IF(OR($C$16=0, $C$16=""), "", IF($C$16="Acres", IF(Results!L5<10, ROUND(Results!L5,0), IF(Results!L5<100, ROUND(Results!L5,-1), IF(Results!L5<1000, ROUND(Results!L5,-2), ROUND(Results!L5,-3)))), IF($C$16="Square feet", IF(Results!L15<10, ROUND(Results!L15,0), IF(Results!L15<100, ROUND(Results!L15,-1), IF(Results!L15<1000, ROUND(Results!L15,-2), ROUND(Results!L15,-3)))), "")))),"Choose county and land use...") | P19: =IFERROR(IF(NOT($C19), "", IF(OR($C$16=0, $C$16=""), "", IF($C$16="Acres", Results!M5, IF($C$16="Square feet", Results!M15, "")))),"Awaiting user input...")
B20: Constructed Wetland | C20: FALSE | E20: =IF(OR($C$16=0, $C$16="", NOT($C20)), "", IF($C$16="Acres", Results!B6, IF($C$16="Square feet", Results!B16, ""))) | F20: =IFERROR(IF(NOT($C20), "", IF(OR($C$16=0, $C$16=""), "", IF($C$16="Acres", IF(Results!C6<10, ROUND(Results!C6,0), IF(Results!C6<100, ROUND(Results!C6,-1), IF(Results!C6<1000, ROUND(Results!C6,-2), ROUND(Results!C6,-3)))), IF($C$16="Square feet", IF(Results!C16<10, ROUND(Results!C16,0), IF(Results!C16<100, ROUND(Results!C16,-1), IF(Results!C16<1000, ROUND(Results!C16,-2), ROUND(Results!C16,-3)))), "")))),"Choose a watershed...") | G20: =IFERROR(IF(NOT($C20), "", IF(OR($C$16=0, $C$16=""), "", IF($C$16="Acres", IF(Results!D6<10, ROUND(Results!D6,0), IF(Results!D6<100, ROUND(Results!D6,-1), IF(Results!D6<1000, ROUND(Results!D6,-2), ROUND(Results!D6,-3)))), IF($C$16="Square feet", IF(Results!D16<10, ROUND(Results!D16,0), IF(Results!D16<100, ROUND(Results!D16,-1), IF(Results!D16<1000, ROUND(Results!D16,-2), ROUND(Results!D16,-3)))), "")))),"Awaiting user input...") | H20: =IFERROR(IF(NOT($C20), "", IF(OR($C$16=0, $C$16=""), "", IF($C$16="Acres", IF(Results!E6<10, ROUND(Results!E6,0), IF(Results!E6<100, ROUND(Results!E6,-1), IF(Results!E6<1000, ROUND(Results!E6,-2), ROUND(Results!E6,-3)))), IF($C$16="Square feet", IF(Results!E16<10, ROUND(Results!E16,0), IF(Results!E16<100, ROUND(Results!E16,-1), IF(Results!E16<1000, ROUND(Results!E16,-2), ROUND(Results!E16,-3)))), "")))),"Awaiting user input...") | I20: =IFERROR(IF(NOT($C20), "", IF(OR($C$16=0, $C$16=""), "", IF($C$16="Acres", IF(Results!F6<10, ROUND(Results!F6,0), IF(Results!F6<100, ROUND(Results!F6,-1), IF(Results!F6<1000, ROUND(Results!F6,-2), ROUND(Results!F6,-3)))), IF($C$16="Square feet", IF(Results!F16<10, ROUND(Results!F16,0), IF(Results!F16<100, ROUND(Results!F16,-1), IF(Results!F16<1000, ROUND(Results!F16,-2), ROUND(Results!F16,-3)))), "")))),"Awaiting user input...") | J20: =IFERROR(IF(NOT($C20), "", IF(OR($C$16=0, $C$16=""), "", IF($C$16="Acres", IF(Results!G6<10, ROUND(Results!G6,0), IF(Results!G6<100, ROUND(Results!G6,-1), IF(Results!G6<1000, ROUND(Results!G6,-2), ROUND(Results!G6,-3)))), IF($C$16="Square feet", IF(Results!G16<10, ROUND(Results!G16,0), IF(Results!G16<100, ROUND(Results!G16,-1), IF(Results!G16<1000, ROUND(Results!G16,-2), ROUND(Results!G16,-3)))), "")))),"Awaiting user input...") | K20: =IFERROR(IF(NOT($C20), "", IF(OR($C$16=0, $C$16=""), "", IF($C$16="Acres", IF(Results!H6<10, ROUND(Results!H6,0), IF(Results!H6<100, ROUND(Results!H6,-1), IF(Results!H6<1000, ROUND(Results!H6,-2), ROUND(Results!H6,-3)))), IF($C$16="Square feet", IF(Results!H16<10, ROUND(Results!H16,0), IF(Results!H16<100, ROUND(Results!H16,-1), IF(Results!H16<1000, ROUND(Results!H16,-2), ROUND(Results!H16,-3)))), "")))),"Awaiting user input...") | L20: =IFERROR(IF(NOT($C20), "", IF(OR($C$16=0, $C$16=""), "", IF($C$16="Acres", IF(Results!I6<10, ROUND(Results!I6,0), IF(Results!I6<100, ROUND(Results!I6,-1), IF(Results!I6<1000, ROUND(Results!I6,-2), ROUND(Results!I6,-3)))), IF($C$16="Square feet", IF(Results!I16<10, ROUND(Results!I16,0), IF(Results!I16<100, ROUND(Results!I16,-1), IF(Results!I16<1000, ROUND(Results!I16,-2), ROUND(Results!I16,-3)))), "")))),"Awaiting user input...") | M20: =IFERROR(IF(NOT($C20), "", IF(OR($C$16=0, $C$16=""), "", IF($C$16="Acres", IF(Results!J6<10, ROUND(Results!J6,0), IF(Results!J6<100, ROUND(Results!J6,-1), IF(Results!J6<1000, ROUND(Results!J6,-2), ROUND(Results!J6,-3)))), IF($C$16="Square feet", IF(Results!J16<10, ROUND(Results!J16,0), IF(Results!J16<100, ROUND(Results!J16,-1), IF(Results!J16<1000, ROUND(Results!J16,-2), ROUND(Results!J16,-3)))), "")))),"Awaiting user input...") | N20: =IFERROR(IF(NOT($C20), "", IF(OR($C$16=0, $C$16=""), "", IF($C$16="Acres", IF(Results!K6<10, ROUND(Results!K6,0), IF(Results!K6<100, ROUND(Results!K6,-1), IF(Results!K6<1000, ROUND(Results!K6,-2), ROUND(Results!K6,-3)))), IF($C$16="Square feet", IF(Results!K16<10, ROUND(Results!K16,0), IF(Results!K16<100, ROUND(Results!K16,-1), IF(Results!K16<1000, ROUND(Results!K16,-2), ROUND(Results!K16,-3)))), "")))),"Awaiting user input...") | O20: =IFERROR(IF(NOT($C20), "", IF(OR($C$16=0, $C$16=""), "", IF($C$16="Acres", IF(Results!L6<10, ROUND(Results!L6,0), IF(Results!L6<100, ROUND(Results!L6,-1), IF(Results!L6<1000, ROUND(Results!L6,-2), ROUND(Results!L6,-3)))), IF($C$16="Square feet", IF(Results!L16<10, ROUND(Results!L16,0), IF(Results!L16<100, ROUND(Results!L16,-1), IF(Results!L16<1000, ROUND(Results!L16,-2), ROUND(Results!L16,-3)))), "")))),"Choose county and land use...") | P20: =IFERROR(IF(NOT($C20), "", IF(OR($C$16=0, $C$16=""), "", IF($C$16="Acres", Results!M6, IF($C$16="Square feet", Results!M16, "")))),"Awaiting user input...")
B21: Natural Area | C21: FALSE | E21: =IF(OR($C$16=0, $C$16="", NOT($C21)), "", IF($C$16="Acres", Results!B7, IF($C$16="Square feet", Results!B17, ""))) | F21: =IFERROR(IF(NOT($C21), "", IF(OR($C$16=0, $C$16=""), "", IF($C$16="Acres", IF(Results!C7<10, ROUND(Results!C7,0), IF(Results!C7<100, ROUND(Results!C7,-1), IF(Results!C7<1000, ROUND(Results!C7,-2), ROUND(Results!C7,-3)))), IF($C$16="Square feet", IF(Results!C17<10, ROUND(Results!C17,0), IF(Results!C17<100, ROUND(Results!C17,-1), IF(Results!C17<1000, ROUND(Results!C17,-2), ROUND(Results!C17,-3)))), "")))),"Choose a watershed...") | G21: =IFERROR(IF(NOT($C21), "", IF(OR($C$16=0, $C$16=""), "", IF($C$16="Acres", IF(Results!D7<10, ROUND(Results!D7,0), IF(Results!D7<100, ROUND(Results!D7,-1), IF(Results!D7<1000, ROUND(Results!D7,-2), ROUND(Results!D7,-3)))), IF($C$16="Square feet", IF(Results!D17<10, ROUND(Results!D17,0), IF(Results!D17<100, ROUND(Results!D17,-1), IF(Results!D17<1000, ROUND(Results!D17,-2), ROUND(Results!D17,-3)))), "")))),"Awaiting user input...") | H21: =IFERROR(IF(NOT($C21), "", IF(OR($C$16=0, $C$16=""), "", IF($C$16="Acres", IF(Results!E7<10, ROUND(Results!E7,0), IF(Results!E7<100, ROUND(Results!E7,-1), IF(Results!E7<1000, ROUND(Results!E7,-2), ROUND(Results!E7,-3)))), IF($C$16="Square feet", IF(Results!E17<10, ROUND(Results!E17,0), IF(Results!E17<100, ROUND(Results!E17,-1), IF(Results!E17<1000, ROUND(Results!E17,-2), ROUND(Results!E17,-3)))), "")))),"Awaiting user input...") | I21: =IFERROR(IF(NOT($C21), "", IF(OR($C$16=0, $C$16=""), "", IF($C$16="Acres", IF(Results!F7<10, ROUND(Results!F7,0), IF(Results!F7<100, ROUND(Results!F7,-1), IF(Results!F7<1000, ROUND(Results!F7,-2), ROUND(Results!F7,-3)))), IF($C$16="Square feet", IF(Results!F17<10, ROUND(Results!F17,0), IF(Results!F17<100, ROUND(Results!F17,-1), IF(Results!F17<1000, ROUND(Results!F17,-2), ROUND(Results!F17,-3)))), "")))),"Awaiting user input...") | J21: =IFERROR(IF(NOT($C21), "", IF(OR($C$16=0, $C$16=""), "", IF($C$16="Acres", IF(Results!G7<10, ROUND(Results!G7,0), IF(Results!G7<100, ROUND(Results!G7,-1), IF(Results!G7<1000, ROUND(Results!G7,-2), ROUND(Results!G7,-3)))), IF($C$16="Square feet", IF(Results!G17<10, ROUND(Results!G17,0), IF(Results!G17<100, ROUND(Results!G17,-1), IF(Results!G17<1000, ROUND(Results!G17,-2), ROUND(Results!G17,-3)))), "")))),"Awaiting user input...") | K21: =IFERROR(IF(NOT($C21), "", IF(OR($C$16=0, $C$16=""), "", IF($C$16="Acres", IF(Results!H7<10, ROUND(Results!H7,0), IF(Results!H7<100, ROUND(Results!H7,-1), IF(Results!H7<1000, ROUND(Results!H7,-2), ROUND(Results!H7,-3)))), IF($C$16="Square feet", IF(Results!H17<10, ROUND(Results!H17,0), IF(Results!H17<100, ROUND(Results!H17,-1), IF(Results!H17<1000, ROUND(Results!H17,-2), ROUND(Results!H17,-3)))), "")))),"Awaiting user input...") | L21: =IFERROR(IF(NOT($C21), "", IF(OR($C$16=0, $C$16=""), "", IF($C$16="Acres", IF(Results!I7<10, ROUND(Results!I7,0), IF(Results!I7<100, ROUND(Results!I7,-1), IF(Results!I7<1000, ROUND(Results!I7,-2), ROUND(Results!I7,-3)))), IF($C$16="Square feet", IF(Results!I17<10, ROUND(Results!I17,0), IF(Results!I17<100, ROUND(Results!I17,-1), IF(Results!I17<1000, ROUND(Results!I17,-2), ROUND(Results!I17,-3)))), "")))),"Awaiting user input...") | M21: =IFERROR(IF(NOT($C21), "", IF(OR($C$16=0, $C$16=""), "", IF($C$16="Acres", IF(Results!J7<10, ROUND(Results!J7,0), IF(Results!J7<100, ROUND(Results!J7,-1), IF(Results!J7<1000, ROUND(Results!J7,-2), ROUND(Results!J7,-3)))), IF($C$16="Square feet", IF(Results!J17<10, ROUND(Results!J17,0), IF(Results!J17<100, ROUND(Results!J17,-1), IF(Results!J17<1000, ROUND(Results!J17,-2), ROUND(Results!J17,-3)))), "")))),"Awaiting user input...") | N21: =IFERROR(IF(NOT($C21), "", IF(OR($C$16=0, $C$16=""), "", IF($C$16="Acres", IF(Results!K7<10, ROUND(Results!K7,0), IF(Results!K7<100, ROUND(Results!K7,-1), IF(Results!K7<1000, ROUND(Results!K7,-2), ROUND(Results!K7,-3)))), IF($C$16="Square feet", IF(Results!K17<10, ROUND(Results!K17,0), IF(Results!K17<100, ROUND(Results!K17,-1), IF(Results!K17<1000, ROUND(Results!K17,-2), ROUND(Results!K17,-3)))), "")))),"Awaiting user input...") | O21: =IFERROR(IF(NOT($C21), "", IF(OR($C$16=0, $C$16=""), "", IF($C$16="Acres", IF(Results!L7<10, ROUND(Results!L7,0), IF(Results!L7<100, ROUND(Results!L7,-1), IF(Results!L7<1000, ROUND(Results!L7,-2), ROUND(Results!L7,-3)))), IF($C$16="Square feet", IF(Results!L17<10, ROUND(Results!L17,0), IF(Results!L17<100, ROUND(Results!L17,-1), IF(Results!L17<1000, ROUND(Results!L17,-2), ROUND(Results!L17,-3)))), "")))),"Choose county and land use...") | P21: =IFERROR(IF(NOT($C21), "", IF(OR($C$16=0, $C$16=""), "", IF($C$16="Acres", Results!M7, IF($C$16="Square feet", Results!M17, "")))),"Awaiting user input...")
B22: Pervious Pavement | C22: FALSE | E22: =IF(OR($C$16=0, $C$16="", NOT($C22)), "", IF($C$16="Acres", Results!B8, IF($C$16="Square feet", Results!B18, ""))) | F22: =IFERROR(IF(NOT($C22), "", IF(OR($C$16=0, $C$16=""), "", IF($C$16="Acres", IF(Results!C8<10, ROUND(Results!C8,0), IF(Results!C8<100, ROUND(Results!C8,-1), IF(Results!C8<1000, ROUND(Results!C8,-2), ROUND(Results!C8,-3)))), IF($C$16="Square feet", IF(Results!C18<10, ROUND(Results!C18,0), IF(Results!C18<100, ROUND(Results!C18,-1), IF(Results!C18<1000, ROUND(Results!C18,-2), ROUND(Results!C18,-3)))), "")))),"Choose a watershed...") | G22: =IFERROR(IF(NOT($C22), "", IF(OR($C$16=0, $C$16=""), "", IF($C$16="Acres", IF(Results!D8<10, ROUND(Results!D8,0), IF(Results!D8<100, ROUND(Results!D8,-1), IF(Results!D8<1000, ROUND(Results!D8,-2), ROUND(Results!D8,-3)))), IF($C$16="Square feet", IF(Results!D18<10, ROUND(Results!D18,0), IF(Results!D18<100, ROUND(Results!D18,-1), IF(Results!D18<1000, ROUND(Results!D18,-2), ROUND(Results!D18,-3)))), "")))),"Awaiting user input...") | H22: =IFERROR(IF(NOT($C22), "", IF(OR($C$16=0, $C$16=""), "", IF($C$16="Acres", IF(Results!E8<10, ROUND(Results!E8,0), IF(Results!E8<100, ROUND(Results!E8,-1), IF(Results!E8<1000, ROUND(Results!E8,-2), ROUND(Results!E8,-3)))), IF($C$16="Square feet", IF(Results!E18<10, ROUND(Results!E18,0), IF(Results!E18<100, ROUND(Results!E18,-1), IF(Results!E18<1000, ROUND(Results!E18,-2), ROUND(Results!E18,-3)))), "")))),"Awaiting user input...") | I22: =IFERROR(IF(NOT($C22), "", IF(OR($C$16=0, $C$16=""), "", IF($C$16="Acres", IF(Results!F8<10, ROUND(Results!F8,0), IF(Results!F8<100, ROUND(Results!F8,-1), IF(Results!F8<1000, ROUND(Results!F8,-2), ROUND(Results!F8,-3)))), IF($C$16="Square feet", IF(Results!F18<10, ROUND(Results!F18,0), IF(Results!F18<100, ROUND(Results!F18,-1), IF(Results!F18<1000, ROUND(Results!F18,-2), ROUND(Results!F18,-3)))), "")))),"Awaiting user input...") | J22: =IFERROR(IF(NOT($C22), "", IF(OR($C$16=0, $C$16=""), "", IF($C$16="Acres", IF(Results!G8<10, ROUND(Results!G8,0), IF(Results!G8<100, ROUND(Results!G8,-1), IF(Results!G8<1000, ROUND(Results!G8,-2), ROUND(Results!G8,-3)))), IF($C$16="Square feet", IF(Results!G18<10, ROUND(Results!G18,0), IF(Results!G18<100, ROUND(Results!G18,-1), IF(Results!G18<1000, ROUND(Results!G18,-2), ROUND(Results!G18,-3)))), "")))),"Awaiting user input...") | K22: =IFERROR(IF(NOT($C22), "", IF(OR($C$16=0, $C$16=""), "", IF($C$16="Acres", IF(Results!H8<10, ROUND(Results!H8,0), IF(Results!H8<100, ROUND(Results!H8,-1), IF(Results!H8<1000, ROUND(Results!H8,-2), ROUND(Results!H8,-3)))), IF($C$16="Square feet", IF(Results!H18<10, ROUND(Results!H18,0), IF(Results!H18<100, ROUND(Results!H18,-1), IF(Results!H18<1000, ROUND(Results!H18,-2), ROUND(Results!H18,-3)))), "")))),"Awaiting user input...") | L22: =IFERROR(IF(NOT($C22), "", IF(OR($C$16=0, $C$16=""), "", IF($C$16="Acres", IF(Results!I8<10, ROUND(Results!I8,0), IF(Results!I8<100, ROUND(Results!I8,-1), IF(Results!I8<1000, ROUND(Results!I8,-2), ROUND(Results!I8,-3)))), IF($C$16="Square feet", IF(Results!I18<10, ROUND(Results!I18,0), IF(Results!I18<100, ROUND(Results!I18,-1), IF(Results!I18<1000, ROUND(Results!I18,-2), ROUND(Results!I18,-3)))), "")))),"Awaiting user input...") | M22: =IFERROR(IF(NOT($C22), "", IF(OR($C$16=0, $C$16=""), "", IF($C$16="Acres", IF(Results!J8<10, ROUND(Results!J8,0), IF(Results!J8<100, ROUND(Results!J8,-1), IF(Results!J8<1000, ROUND(Results!J8,-2), ROUND(Results!J8,-3)))), IF($C$16="Square feet", IF(Results!J18<10, ROUND(Results!J18,0), IF(Results!J18<100, ROUND(Results!J18,-1), IF(Results!J18<1000, ROUND(Results!J18,-2), ROUND(Results!J18,-3)))), "")))),"Awaiting user input...") | N22: =IFERROR(IF(NOT($C22), "", IF(OR($C$16=0, $C$16=""), "", IF($C$16="Acres", IF(Results!K8<10, ROUND(Results!K8,0), IF(Results!K8<100, ROUND(Results!K8,-1), IF(Results!K8<1000, ROUND(Results!K8,-2), ROUND(Results!K8,-3)))), IF($C$16="Square feet", IF(Results!K18<10, ROUND(Results!K18,0), IF(Results!K18<100, ROUND(Results!K18,-1), IF(Results!K18<1000, ROUND(Results!K18,-2), ROUND(Results!K18,-3)))), "")))),"Awaiting user input...") | O22: =IFERROR(IF(NOT($C22), "", IF(OR($C$16=0, $C$16=""), "", IF($C$16="Acres", IF(Results!L8<10, ROUND(Results!L8,0), IF(Results!L8<100, ROUND(Results!L8,-1), IF(Results!L8<1000, ROUND(Results!L8,-2), ROUND(Results!L8,-3)))), IF($C$16="Square feet", IF(Results!L18<10, ROUND(Results!L18,0), IF(Results!L18<100, ROUND(Results!L18,-1), IF(Results!L18<1000, ROUND(Results!L18,-2), ROUND(Results!L18,-3)))), "")))),"Choose county and land use...") | P22: =IFERROR(IF(NOT($C22), "", IF(OR($C$16=0, $C$16=""), "", IF($C$16="Acres", Results!M8, IF($C$16="Square feet", Results!M18, "")))),"Awaiting user input...")
B23: Street Trees | C23: FALSE | E23: =IF(OR($C$16=0, $C$16="", NOT($C23)), "", IF($C$16="Acres", Results!B9, IF($C$16="Square feet", Results!B19, ""))) | F23: =IFERROR(IF(NOT($C23), "", IF(OR($C$16=0, $C$16=""), "", IF($C$16="Acres", IF(Results!C9<10, ROUND(Results!C9,0), IF(Results!C9<100, ROUND(Results!C9,-1), IF(Results!C9<1000, ROUND(Results!C9,-2), ROUND(Results!C9,-3)))), IF($C$16="Square feet", IF(Results!C19<10, ROUND(Results!C19,0), IF(Results!C19<100, ROUND(Results!C19,-1), IF(Results!C19<1000, ROUND(Results!C19,-2), ROUND(Results!C19,-3)))), "")))),"Choose a watershed...") | G23: =IFERROR(IF(NOT($C23), "", IF(OR($C$16=0, $C$16=""), "", IF($C$16="Acres", IF(Results!D9<10, ROUND(Results!D9,0), IF(Results!D9<100, ROUND(Results!D9,-1), IF(Results!D9<1000, ROUND(Results!D9,-2), ROUND(Results!D9,-3)))), IF($C$16="Square feet", IF(Results!D19<10, ROUND(Results!D19,0), IF(Results!D19<100, ROUND(Results!D19,-1), IF(Results!D19<1000, ROUND(Results!D19,-2), ROUND(Results!D19,-3)))), "")))),"Awaiting user input...") | H23: =IFERROR(IF(NOT($C23), "", IF(OR($C$16=0, $C$16=""), "", IF($C$16="Acres", IF(Results!E9<10, ROUND(Results!E9,0), IF(Results!E9<100, ROUND(Results!E9,-1), IF(Results!E9<1000, ROUND(Results!E9,-2), ROUND(Results!E9,-3)))), IF($C$16="Square feet", IF(Results!E19<10, ROUND(Results!E19,0), IF(Results!E19<100, ROUND(Results!E19,-1), IF(Results!E19<1000, ROUND(Results!E19,-2), ROUND(Results!E19,-3)))), "")))),"Awaiting user input...") | I23: =IFERROR(IF(NOT($C23), "", IF(OR($C$16=0, $C$16=""), "", IF($C$16="Acres", IF(Results!F9<10, ROUND(Results!F9,0), IF(Results!F9<100, ROUND(Results!F9,-1), IF(Results!F9<1000, ROUND(Results!F9,-2), ROUND(Results!F9,-3)))), IF($C$16="Square feet", IF(Results!F19<10, ROUND(Results!F19,0), IF(Results!F19<100, ROUND(Results!F19,-1), IF(Results!F19<1000, ROUND(Results!F19,-2), ROUND(Results!F19,-3)))), "")))),"Awaiting user input...") | J23: =IFERROR(IF(NOT($C23), "", IF(OR($C$16=0, $C$16=""), "", IF($C$16="Acres", IF(Results!G9<10, ROUND(Results!G9,0), IF(Results!G9<100, ROUND(Results!G9,-1), IF(Results!G9<1000, ROUND(Results!G9,-2), ROUND(Results!G9,-3)))), IF($C$16="Square feet", IF(Results!G19<10, ROUND(Results!G19,0), IF(Results!G19<100, ROUND(Results!G19,-1), IF(Results!G19<1000, ROUND(Results!G19,-2), ROUND(Results!G19,-3)))), "")))),"Awaiting user input...") | K23: =IFERROR(IF(NOT($C23), "", IF(OR($C$16=0, $C$16=""), "", IF($C$16="Acres", IF(Results!H9<10, ROUND(Results!H9,0), IF(Results!H9<100, ROUND(Results!H9,-1), IF(Results!H9<1000, ROUND(Results!H9,-2), ROUND(Results!H9,-3)))), IF($C$16="Square feet", IF(Results!H19<10, ROUND(Results!H19,0), IF(Results!H19<100, ROUND(Results!H19,-1), IF(Results!H19<1000, ROUND(Results!H19,-2), ROUND(Results!H19,-3)))), "")))),"Awaiting user input...") | L23: =IFERROR(IF(NOT($C23), "", IF(OR($C$16=0, $C$16=""), "", IF($C$16="Acres", IF(Results!I9<10, ROUND(Results!I9,0), IF(Results!I9<100, ROUND(Results!I9,-1), IF(Results!I9<1000, ROUND(Results!I9,-2), ROUND(Results!I9,-3)))), IF($C$16="Square feet", IF(Results!I19<10, ROUND(Results!I19,0), IF(Results!I19<100, ROUND(Results!I19,-1), IF(Results!I19<1000, ROUND(Results!I19,-2), ROUND(Results!I19,-3)))), "")))),"Awaiting user input...") | M23: =IFERROR(IF(NOT($C23), "", IF(OR($C$16=0, $C$16=""), "", IF($C$16="Acres", IF(Results!J9<10, ROUND(Results!J9,0), IF(Results!J9<100, ROUND(Results!J9,-1), IF(Results!J9<1000, ROUND(Results!J9,-2), ROUND(Results!J9,-3)))), IF($C$16="Square feet", IF(Results!J19<10, ROUND(Results!J19,0), IF(Results!J19<100, ROUND(Results!J19,-1), IF(Results!J19<1000, ROUND(Results!J19,-2), ROUND(Results!J19,-3)))), "")))),"Awaiting user input...") | N23: =IFERROR(IF(NOT($C23), "", IF(OR($C$16=0, $C$16=""), "", IF($C$16="Acres", IF(Results!K9<10, ROUND(Results!K9,0), IF(Results!K9<100, ROUND(Results!K9,-1), IF(Results!K9<1000, ROUND(Results!K9,-2), ROUND(Results!K9,-3)))), IF($C$16="Square feet", IF(Results!K19<10, ROUND(Results!K19,0), IF(Results!K19<100, ROUND(Results!K19,-1), IF(Results!K19<1000, ROUND(Results!K19,-2), ROUND(Results!K19,-3)))), "")))),"Awaiting user input...") | O23: =IFERROR(IF(NOT($C23), "", IF(OR($C$16=0, $C$16=""), "", IF($C$16="Acres", IF(Results!L9<10, ROUND(Results!L9,0), IF(Results!L9<100, ROUND(Results!L9,-1), IF(Results!L9<1000, ROUND(Results!L9,-2), ROUND(Results!L9,-3)))), IF($C$16="Square feet", IF(Results!L19<10, ROUND(Results!L19,0), IF(Results!L19<100, ROUND(Results!L19,-1), IF(Results!L19<1000, ROUND(Results!L19,-2), ROUND(Results!L19,-3)))), "")))),"Choose county and land use...") | P23: =IFERROR(IF(NOT($C23), "", IF(OR($C$16=0, $C$16=""), "", IF($C$16="Acres", Results!M9, IF($C$16="Square feet", Results!M19, "")))),"Awaiting user input...")
B24: Green Roof | C24: FALSE | E24: =IF(OR($C$16=0, $C$16="", NOT($C24)), "", IF($C$16="Acres", Results!B10, IF($C$16="Square feet", Results!B20, ""))) | F24: =IFERROR(IF(NOT($C24), "", IF(OR($C$16=0, $C$16=""), "", IF($C$16="Acres", IF(Results!C10<10, ROUND(Results!C10,0), IF(Results!C10<100, ROUND(Results!C10,-1), IF(Results!C10<1000, ROUND(Results!C10,-2), ROUND(Results!C10,-3)))), IF($C$16="Square feet", IF(Results!C20<10, ROUND(Results!C20,0), IF(Results!C20<100, ROUND(Results!C20,-1), IF(Results!C20<1000, ROUND(Results!C20,-2), ROUND(Results!C20,-3)))), "")))),"Choose a watershed...") | G24: =IFERROR(IF(NOT($C24), "", IF(OR($C$16=0, $C$16=""), "", IF($C$16="Acres", IF(Results!D10<10, ROUND(Results!D10,0), IF(Results!D10<100, ROUND(Results!D10,-1), IF(Results!D10<1000, ROUND(Results!D10,-2), ROUND(Results!D10,-3)))), IF($C$16="Square feet", IF(Results!D20<10, ROUND(Results!D20,0), IF(Results!D20<100, ROUND(Results!D20,-1), IF(Results!D20<1000, ROUND(Results!D20,-2), ROUND(Results!D20,-3)))), "")))),"Awaiting user input...") | H24: =IFERROR(IF(NOT($C24), "", IF(OR($C$16=0, $C$16=""), "", IF($C$16="Acres", IF(Results!E10<10, ROUND(Results!E10,0), IF(Results!E10<100, ROUND(Results!E10,-1), IF(Results!E10<1000, ROUND(Results!E10,-2), ROUND(Results!E10,-3)))), IF($C$16="Square feet", IF(Results!E20<10, ROUND(Results!E20,0), IF(Results!E20<100, ROUND(Results!E20,-1), IF(Results!E20<1000, ROUND(Results!E20,-2), ROUND(Results!E20,-3)))), "")))),"Awaiting user input...") | I24: =IFERROR(IF(NOT($C24), "", IF(OR($C$16=0, $C$16=""), "", IF($C$16="Acres", IF(Results!F10<10, ROUND(Results!F10,0), IF(Results!F10<100, ROUND(Results!F10,-1), IF(Results!F10<1000, ROUND(Results!F10,-2), ROUND(Results!F10,-3)))), IF($C$16="Square feet", IF(Results!F20<10, ROUND(Results!F20,0), IF(Results!F20<100, ROUND(Results!F20,-1), IF(Results!F20<1000, ROUND(Results!F20,-2), ROUND(Results!F20,-3)))), "")))),"Awaiting user input...") | J24: =IFERROR(IF(NOT($C24), "", IF(OR($C$16=0, $C$16=""), "", IF($C$16="Acres", IF(Results!G10<10, ROUND(Results!G10,0), IF(Results!G10<100, ROUND(Results!G10,-1), IF(Results!G10<1000, ROUND(Results!G10,-2), ROUND(Results!G10,-3)))), IF($C$16="Square feet", IF(Results!G20<10, ROUND(Results!G20,0), IF(Results!G20<100, ROUND(Results!G20,-1), IF(Results!G20<1000, ROUND(Results!G20,-2), ROUND(Results!G20,-3)))), "")))),"Awaiting user input...") | K24: =IFERROR(IF(NOT($C24), "", IF(OR($C$16=0, $C$16=""), "", IF($C$16="Acres", IF(Results!H10<10, ROUND(Results!H10,0), IF(Results!H10<100, ROUND(Results!H10,-1), IF(Results!H10<1000, ROUND(Results!H10,-2), ROUND(Results!H10,-3)))), IF($C$16="Square feet", IF(Results!H20<10, ROUND(Results!H20,0), IF(Results!H20<100, ROUND(Results!H20,-1), IF(Results!H20<1000, ROUND(Results!H20,-2), ROUND(Results!H20,-3)))), "")))),"Awaiting user input...") | L24: =IFERROR(IF(NOT($C24), "", IF(OR($C$16=0, $C$16=""), "", IF($C$16="Acres", IF(Results!I10<10, ROUND(Results!I10,0), IF(Results!I10<100, ROUND(Results!I10,-1), IF(Results!I10<1000, ROUND(Results!I10,-2), ROUND(Results!I10,-3)))), IF($C$16="Square feet", IF(Results!I20<10, ROUND(Results!I20,0), IF(Results!I20<100, ROUND(Results!I20,-1), IF(Results!I20<1000, ROUND(Results!I20,-2), ROUND(Results!I20,-3)))), "")))),"Awaiting user input...") | M24: =IFERROR(IF(NOT($C24), "", IF(OR($C$16=0, $C$16=""), "", IF($C$16="Acres", IF(Results!J10<10, ROUND(Results!J10,0), IF(Results!J10<100, ROUND(Results!J10,-1), IF(Results!J10<1000, ROUND(Results!J10,-2), ROUND(Results!J10,-3)))), IF($C$16="Square feet", IF(Results!J20<10, ROUND(Results!J20,0), IF(Results!J20<100, ROUND(Results!J20,-1), IF(Results!J20<1000, ROUND(Results!J20,-2), ROUND(Results!J20,-3)))), "")))),"Awaiting user input...") | N24: =IFERROR(IF(NOT($C24), "", IF(OR($C$16=0, $C$16=""), "", IF($C$16="Acres", IF(Results!K10<10, ROUND(Results!K10,0), IF(Results!K10<100, ROUND(Results!K10,-1), IF(Results!K10<1000, ROUND(Results!K10,-2), ROUND(Results!K10,-3)))), IF($C$16="Square feet", IF(Results!K20<10, ROUND(Results!K20,0), IF(Results!K20<100, ROUND(Results!K20,-1), IF(Results!K20<1000, ROUND(Results!K20,-2), ROUND(Results!K20,-3)))), "")))),"Awaiting user input...") | O24: =IFERROR(IF(NOT($C24), "", IF(OR($C$16=0, $C$16=""), "", IF($C$16="Acres", IF(Results!L10<10, ROUND(Results!L10,0), IF(Results!L10<100, ROUND(Results!L10,-1), IF(Results!L10<1000, ROUND(Results!L10,-2), ROUND(Results!L10,-3)))), IF($C$16="Square feet", IF(Results!L20<10, ROUND(Results!L20,0), IF(Results!L20<100, ROUND(Results!L20,-1), IF(Results!L20<1000, ROUND(Results!L20,-2), ROUND(Results!L20,-3)))), "")))),"Choose county and land use...") | P24: =IFERROR(IF(NOT($C24), "", IF(OR($C$16=0, $C$16=""), "", IF($C$16="Acres", Results!M10, IF($C$16="Square feet", Results!M20, "")))),"Awaiting user input...")
B25: If tree checked, number of trees

Sheet Benefits
B2: Economic Benefits
B4: Step 2. This page contains quantified economic benefits for use in the tool. If you prefer a different value, you may enter it in the 'Default Benefit' column; otherwise, you may set it equal to the minimum and maximum benefits provided, according to the user guidance.
B6: Future Annual Inflation | C6: =IF('Project Inputs & Results'!C8="",1,((1+$M$9)^('Project Inputs & Results'!C8-2026))) -> 1
B8: Economic Benefits | L8: Parameters
B9: Environmental Benefit | C9: Mitigation Measure | D9: Default Benefit | E9: Benefit (min) | F9: Medium | G9: Benefit (max) | H9: Unit | I9: User Guidance | J9: Sources | L9: Interest Rate | M9: 0.0325
B10: Avoided Stormwater Management Cost 1 | C10: Bioretention | D10: =F10 -> 6552000 | E10: 36000 | F10: 6552000 | H10: $ / Acre | I10: Use the lower value if the project is not expected to reduce the need for additional infrastructure. Use the medium value if the project reduces the need for additional infrastructure. | J10: Jack et al. (2025), residential stormwater fees in Fort Worth and Dallas | L10: Period | M10: 50
C11: Detention / Retention Pond | D11: =F11 -> 17471000 | E11: 36000 | F11: 17471000 | H11: $ / Acre | L11: Capacity per Tree (CF) | M11: 7.6526212
C12: Constructed Wetland | D12: =F12 -> 6552000 | E12: 36000 | F12: 6552000 | H12: $ / Acre | L12: Runoff Managed per Tree (AF) | M12: 0.0001756797
C13: Natural Area | D13: =F13 -> 2184000 | E13: 36000 | F13: 2184000 | H13: $ / Acre | L13: SF per acre | M13: 43560
C14: Pervious Pavement | D14: =F14 -> 1529000 | E14: 36000 | F14: 1529000 | H14: $ / Acre | L14: CF/liter | M14: 0.0353147
C15: Street Trees | D15: =F15 -> 800 | E15: 20 | F15: 800 | H15: $ / Tree | L15: SF/m2 | M15: 10.7639
C16: Green Roof | D16: =F16 -> 645000 | E16: 36000 | F16: 645000 | H16: $ / Acre
B17: Water Quality (Sediment Capture) 2 | C17: Bioretention | D17: =F17 -> 1801000 | E17: 4000 | F17: 1801000 | G17: 5766000 | H17: $ / Acre | I17: Choose the lower value if you have a small drainage area, or are implementing dry detention basins, which are less effective at filtering pollutants, or green roofs that rely on heavy chemical fertilizers. Select the higher value for larger drainage areas with high pollutant loads, or when conserving natural riparian buffers along upstream headwater streams or constructing deep wetlands with high native plant density. | J17: Annual pollutant load per acre derived from (Li, Barrett, Rammohan, Olivera, & Landphair, 2008). Sources for pollutant removal efficiency: (City of Denton, 2008; Jaber F. , 2015; International Stormwater Best Management Practices Database, 2016; North Central Texas Council of Governments, 2014; Houle, Roseen, Ballestero, Puls, & Sherrard Jr., 2013). Values from (U.S. Environmental Protection Agency, 2015; Natural Resource Conservation Service, US Department of Agriculture, 2010; Shaik, Helmers, & Langemeier, 2002, Minnesota Pollution Control Agency, 2025, Kuok, et al., 2023, Bashar, et al., 2018, Sena, et al., 2020, Nordman, et al., 2018; EPA, 2004) | L17: Area to Storage Volume Conversion
C18: Detention / Retention Pond | D18: =F18 -> 3405000 | E18: 2000 | F18: 3405000 | G18: 11542000 | H18: $ / Acre | L18: Practice | M18: CF per SF | N18: Source
C19: Constructed Wetland | D19: =F19 -> 5127000 | E19: 15000 | F19: 5127000 | G19: 15900000 | H19: $ / Acre | L19: Bioretention | M19: 1.5 | N19: Jack et al. (2025) - avg of rain garden and bioretention
C20: Natural Area | D20: =F20 -> 4718000 | E20: 4000 | F20: 4718000 | G20: 15900000 | H20: $ / Acre | L20: Detention / Retention Pond | M20: 4 | N20: NCHRP 2014
C21: Pervious Pavement | D21: =F21 -> 93000 | E21: 300 | F21: 93000 | G21: 287000 | H21: $ / Acre | L21: Constructed Wetland | M21: 1.5 | N21: https://ossf.tamu.edu/files/2023/01/L-5230-9.08-Constructed-wetlands.pdf
C22: Street Trees | D22: =F22 -> 200 | E22: 2 | F22: 200 | G22: 400 | H22: $ / Tree | L22: Natural Area | M22: 0.5 | N22: Conservative estimate
C23: Green Roof | D23: =F23 -> 61000 | E23: 300 | F23: 61000 | G23: 173000 | H23: $ / Acre | L23: Pervious Pavement | M23: =0.35 -> 0.35 | N23: assume depth of 1 foot, 35% porosity, https://www.perviouspavement.org/downloads/NCSU_HydraulicDesignPermeablePavement.pdf
B24: Water Quality (Nitrogen Capture) 2 | C24: Bioretention | D24: =F24 -> 1827000 | E24: 90000 | F24: 1827000 | G24: 6092000 | H24: $ / Acre | L24: Street Trees | M24: 1 | N24: Based on average storage volume of tree, based on iTree results for 5 county region
C25: Detention / Retention Pond | D25: =F25 -> 3545000 | E25: 100000 | F25: 3545000 | G25: 12067000 | H25: $ / Acre | L25: Green Roof | M25: =45*M14/M15 -> 0.14763808 | N25: https://tnpermanentstormwater.org/manual/18%20Chapter%205.4.9%20Green%20Roofs.pdf
C26: Constructed Wetland | D26: =F26 -> 2325000 | E26: 50000 | F26: 2325000 | G26: 7965000 | H26: $ / Acre
C27: Natural Area | D27: =F27 -> 2363000 | E27: 90000 | F27: 2363000 | G27: 7965000 | H27: $ / Acre | L27: Aesthetic and Recreational Benefit per Home
C28: Pervious Pavement | D28: =F28 -> 74000 | E28: 9000 | F28: 74000 | G28: 228000 | H28: $ / Acre | L28: Practice | M28: Low | N28: Medium | O28: High
C29: Street Trees | D29: =F29 -> 200 | E29: 70 | F29: 200 | G29: 400 | H29: $ / Tree | L29: Rain Garden | M29: 0 | N29: 0.024 | O29: 0.127
C30: Green Roof | D30: =F30 -> 64000 | E30: 0 | F30: 64000 | G30: 224000 | H30: $ / Acre | L30: Retention Pond | M30: 0 | N30: 0.061443515 | O30: 0.21212121
B31: Water Quality (Phosphorus Capture) 2 | C31: Bioretention | D31: =F31 -> 491000 | E31: 11000 | F31: 491000 | G31: 1566000 | H31: $ / Acre | L31: Wetland | M31: 0 | N31: 0.051 | O31: 1.5
C32: Detention / Retention Pond | D32: =F32 -> 533000 | E32: 0 | F32: 533000 | G32: 1772000 | H32: $ / Acre | L32: Open Space | M32: 0 | N32: 0.019 | O32: 0.53865815
C33: Constructed Wetland | D33: =F33 -> 1118000 | E33: 153000 | F33: 1118000 | G33: 3471000 | H33: $ / Acre | L33: Green Roof | M33: 0 | N33: 0.012 | O33: 0.16
C34: Natural Area | D34: =F34 -> 1064000 | E34: 41000 | F34: 1064000 | G34: 3471000 | H34: $ / Acre
C35: Pervious Pavement | D35: =F35 -> 24000 | E35: 10000 | F35: 24000 | G35: 64000 | H35: $ / Acre | L35: Median Value of home in Dallas | M35: Original Value | N35: Year | O35: 2026 Value | P35: Source
C36: Street Trees | D36: =F36 -> 50 | E36: 30 | F36: 50 | G36: 100 | H36: $ / Tree | L36: Dallas home median appraised value 2023 | M36: 328180 | N36: 2023 | O36: 353348 | P36: https://www.poconnor.com/high-assessments-could-cost-median-dallas-homeowner-626-in-extra-property-taxes/
C37: Green Roof | D37: =F37 -> 0 | E37: 0 | F37: 0 | G37: 0 | H37: $ / Acre
B38: Aesthetics 3 | C38: Bioretention | D38: =F38 -> 0 | E38: =ROUND(PV($M$9,$M$10,-'Project Inputs & Results'!$C$9*$O$36*M29),-3) -> 0 | F38: =ROUND(PV($M$9,$M$10,-'Project Inputs & Results'!$C$9*$O$36*N29),-3) -> 0 | G38: =ROUND(PV($M$9,$M$10,-'Project Inputs & Results'!$C$9*$O$36*O29),-3) -> 0 | H38: $ / Acre | I38: Use the lower value if the project is located in a remote, low-density rural area with low visitation, or if the infrastructure lacks regular maintenance and risks becoming an unappealing eyesore (e.g., an overgrown detention basin without any park features). Use the higher value when green infrastructure is designed as a prominent community amenity (such as wet ponds with walking trails) or situated in dense urban neighborhoods with limited green space. | J38: Sander et al., 2010; Donavan & Butry, 2010; Pandit et al., 2012; Sustainable Business Network 2016; Clements et al., 2021; Shultz and Schmitz, 2008,
C39: Detention / Retention Pond | D39: =F39 -> 0 | E39: =ROUND(PV($M$9,$M$10,-'Project Inputs & Results'!$C$9*$O$36*M30),-3) -> 0 | F39: =ROUND(PV($M$9,$M$10,-'Project Inputs & Results'!$C$9*$O$36*N30),-3) -> 0 | G39: =ROUND(PV($M$9,$M$10,-'Project Inputs & Results'!$C$9*$O$36*O30),-3) -> 0 | H39: $ / Acre
C40: Constructed Wetland | D40: =F40 -> 0 | E40: =ROUND(PV($M$9,$M$10,-'Project Inputs & Results'!$C$9*$O$36*M31),-3) -> 0 | F40: =ROUND(PV($M$9,$M$10,-'Project Inputs & Results'!$C$9*$O$36*N31),-3) -> 0 | G40: =ROUND(PV($M$9,$M$10,-'Project Inputs & Results'!$C$9*$O$36*O31),-3) -> 0 | H40: $ / Acre
C41: Natural Area | D41: =F41 -> 0 | E41: =ROUND(PV($M$9,$M$10,-'Project Inputs & Results'!$C$9*$O$36*M32),-3) -> 0 | F41: =ROUND(PV($M$9,$M$10,-'Project Inputs & Results'!$C$9*$O$36*N32),-3) -> 0 | G41: =ROUND(PV($M$9,$M$10,-'Project Inputs & Results'!$C$9*$O$36*O32),-3) -> 0 | H41: $ / Acre
C42: Pervious Pavement | D42: =F42 -> 0 | E42: 0 | F42: 0 | G42: 0 | H42: $ / Acre
C43: Street Trees | D43: 1151.9271 | E43: 1000 | F43: 12000 | G43: 28000 | H43: $ / Tree
C44: Green Roof | D44: =F44 -> 0 | E44: =ROUND(PV($M$9,$M$10,-'Project Inputs & Results'!$C$9*$O$36*M33),-3) -> 0 | F44: =ROUND(PV($M$9,$M$10,-'Project Inputs & Results'!$C$9*$O$36*N33),-3) -> 0 | G44: =ROUND(PV($M$9,$M$10,-'Project Inputs & Results'!$C$9*$O$36*O33),-3) -> 0 | H44: $ / Acre
B45: Energy Savings 4 | C45: Street Trees | D45: =F45 -> 200 | E45: 3 | F45: 200 | G45: 800 | H45: $ / Tree | I45: Select the lower value when planting small tree species far from buildings or implementing shallow green roofs with a low roof-area-to-building-volume ratio. Choose the higher value when strategically placing mature, large-canopy shade trees directly adjacent to building walls or installing deep, irrigated, plant-dense green roofs in hot climates to maximize direct cooling. | J45: Based on the average charge for electricity in Dallas in October 2025 (TexasElectricity Ratings.com, 2025) and average residential tariff for natural gas. Benefit from Monear et al. 2015. Green roofs: (NCTCOG, 2017) (Texas Tree Foundation, 2015)
C46: Green Roof | D46: =F46 -> 34000 | E46: 18000 | F46: 34000 | G46: 142000 | H46: $ / Acre
B47: Air Quality 5 | C47: Bioretention | D47: =F47 -> 400 | E47: 30 | F47: 400 | G47: 2000 | H47: $ / Acre | I47: Select the lower value for projects in sparsely populated rural areas, or when planting street trees in narrow street canyons where restricted airflow can trap and concentrate localized pollutants. Select the higher value in densely populated urban settings with extensive tree cover, where a larger population directly benefits from the physical removal of atmospheric pollutants. | J47: Nowak, Crane, & Stevens, 2006; Nowak et al., 2002; GSI Impact Hub, 2025; Nowak, et al., 2014; Hirabayashi, 2014; Nowak D. J., 2020; Water Resources Council, 1979)
C48: Detention / Retention Pond | D48: =F48 -> 0 | E48: 0 | F48: 0 | G48: 0 | H48: $ / Acre
C49: Constructed Wetland | D49: =F49 -> 300 | E49: 20 | F49: 300 | G49: 1000 | H49: $ / Acre
C50: Natural Area | D50: =F50 -> 500 | E50: 30 | F50: 500 | G50: 3000 | H50: $ / Acre
C51: Pervious Pavement | D51: =F51 -> 0 | E51: 0 | F51: 0 | G51: 0 | H51: $ / Acre
C52: Street Trees | D52: =F52 -> 30 | E52: 3 | F52: 30 | G52: 200 | H52: $ / Tree
C53: Green Roof | D53: =F53 -> 500 | E53: 30 | F53: 500 | G53: 3000 | H53: $ / Acre
B54: Air Quality (Carbon Dioxide) 6 | C54: Street Trees | D54: =F54 -> 700 | E54: 400 | F54: 700 | G54: 1000 | H54: $ / Tree | I54: Use the lower value if you for lower relative importance of climate change and ocean acidification, and the higher value for higher importance. | J54: (U.S. EPA, 2023; iTree, 2026; GSI Impact Hub, 2025)
C55: Bioretention | D55: =F55 -> 6000 | E55: 4000 | F55: 6000 | G55: 10000 | H55: $ / Acre
C56: Constructed Wetland | D56: =F56 -> 3000 | E56: 2000 | F56: 3000 | G56: 5000 | H56: $ / Acre
B57: Habitat, Forest 7 | C57: Natural Area | D57: =F57 -> 6000 | E57: 1000 | F57: 6000 | G57: 11000 | H57: $ / Acre | I57: Choose the lower value if the project consists of small, fragmented parcels or is located in highly trafficked urban areas where human disturbance limits ecological value. Choose the higher value for areas where species of conservation concern persist, and where habitat is large, continuous, and undisturbed. | J57: Robertson, 2018; Cooley, 2015; Randall, et al., 2008; Moore, et al., 2011; Simpson, et al., 2013
B58: Habitat, Wetland/Riparian 7 | C58: Natural Area | D58: =F58 -> 24000 | E58: 17000 | F58: 24000 | G58: 30000 | H58: $ / Acre
B59: Habitat, Prairie 7 | C59: Natural Area | D59: =F59 -> 10000 | E59: 6000 | F59: 10000 | G59: 13000
B60: Avoided Pavement Maintenance Costs 8 | C60: Street Trees | D60: =F60 -> 400 | E60: 90 | F60: 400 | G60: 700 | H60: $ / Tree | I60: Use the lower value for smaller species of tree, and the higher value for larger species of tree. | J60: (McPherson & Muchnick, 2005)
B61: Avoided Downstream Flooding Damages 9 | C61: Bioretention | D61: =G61 -> Awaiting user input… | E61: =IFERROR(ROUND(VLOOKUP('Project Inputs & Results'!$C$14,floodval,6,FALSE)*M19,-3),"Awaiting user input…") -> Awaiting user input… | F61: =IFERROR(ROUND(AVERAGE(E61,G61),-3),"Awaiting user input…") -> Awaiting user input… | G61: =IFERROR(ROUND(VLOOKUP('Project Inputs & Results'!$C$14,floodval,5,FALSE)*M19,-3),"Awaiting user input…") -> Awaiting user input… | H61: $ / Acre | I61: Use the lower value when wetlands are located in remote, rural areas with very sparse development downstream, or when they are situated too close to a stream and are already fully saturated. Use the higher value when the green infrastructure is located directly upstream of densely populated, high-value developments where significant built assets are protected from flood damage. | J61: Highland Economics' analysis.
C62: Detention / Retention Pond | D62: =G62 -> Awaiting user input… | E62: =IFERROR(ROUND(VLOOKUP('Project Inputs & Results'!$C$14,floodval,6,FALSE)*M20,-3),"Awaiting user input…") -> Awaiting user input… | F62: =IFERROR(ROUND(AVERAGE(E62,G62),-3),"Awaiting user input…") -> Awaiting user input… | G62: =IFERROR(ROUND(VLOOKUP('Project Inputs & Results'!$C$14,floodval,5,FALSE)*M20,-3),"Awaiting user input…") -> Awaiting user input… | H62: $ / Acre
C63: Constructed Wetland | D63: =G63 -> Awaiting user input… | E63: =IFERROR(ROUND(VLOOKUP('Project Inputs & Results'!$C$14,floodval,6,FALSE)*M21,-3),"Awaiting user input…") -> Awaiting user input… | F63: =IFERROR(ROUND(AVERAGE(E63,G63),-3),"Awaiting user input…") -> Awaiting user input… | G63: =IFERROR(ROUND(VLOOKUP('Project Inputs & Results'!$C$14,floodval,5,FALSE)*M21,-3),"Awaiting user input…") -> Awaiting user input… | H63: $ / Acre
C64: Natural Area | D64: =G64 -> Awaiting user input… | E64: =IFERROR(ROUND(VLOOKUP('Project Inputs & Results'!$C$14,floodval,6,FALSE)*M22,-3),"Awaiting user input…") -> Awaiting user input… | F64: =IFERROR(ROUND(AVERAGE(E64,G64),-3),"Awaiting user input…") -> Awaiting user input… | G64: =IFERROR(ROUND(VLOOKUP('Project Inputs & Results'!$C$14,floodval,5,FALSE)*M22,-3),"Awaiting user input…") -> Awaiting user input… | H64: $ / Acre
C65: Pervious Pavement | D65: =G65 -> Awaiting user input… | E65: =IFERROR(ROUND(VLOOKUP('Project Inputs & Results'!$C$14,floodval,6,FALSE)*M23,-3),"Awaiting user input…") -> Awaiting user input… | F65: =IFERROR(ROUND(AVERAGE(E65,G65),-3),"Awaiting user input…") -> Awaiting user input… | G65: =IFERROR(ROUND(VLOOKUP('Project Inputs & Results'!$C$14,floodval,5,FALSE)*M23,-3),"Awaiting user input…") -> Awaiting user input… | H65: $ / Acre
C66: Street Trees | D66: =G66 -> Awaiting user input… | E66: =IFERROR(ROUND(VLOOKUP('Project Inputs & Results'!$C$14,floodval,6,FALSE)*$M$12,0),"Awaiting user input…") -> Awaiting user input… | F66: =IFERROR(ROUND(AVERAGE(E66,G66),0),"Awaiting user input…") -> Awaiting user input… | G66: =IFERROR(ROUND(VLOOKUP('Project Inputs & Results'!$C$14,floodval,5,FALSE)*$M$12,0),"Awaiting user input…") -> Awaiting user input… | H66: $ / Tree
C67: Green Roof | D67: =G67 -> Awaiting user input… | E67: =IFERROR(ROUND(VLOOKUP('Project Inputs & Results'!$C$14,floodval,6,FALSE)*M25,-3),"Awaiting user input…") -> Awaiting user input… | F67: =IFERROR(ROUND(AVERAGE(E67,G67),-3),"Awaiting user input…") -> Awaiting user input… | G67: =IFERROR(ROUND(VLOOKUP('Project Inputs & Results'!$C$14,floodval,5,FALSE)*M25,-3),"Awaiting user input…") -> Awaiting user input… | H67: $ / Acre
B69: 1. Low cost represents only maintenance of gray stormwater infrastructure, based on stormwater charges for Fort Worth and Dallas. Medium cost represents gray infrastructure needed to capture volume of stormwater alternatively caught by BMP to avoid overflows in the 100-year storm, assuming volume-to-area conversions (see cell range L17:N25), tree assumed to capture 7.65 CF annually.
B70: 2. Assumes total rainfall volume of 1,044,017 gallons per year, with runoff coefficient of 0.7. Assumes pollutant concentrations of 116 to 173 mg / l of TSS, 1.13 to 2.13 mg / l of N, and 0.13 to 0.28 mg / l of P. Assumes bioretention is 5 to 7 percent of catchment area, detention/retention ponds are 1.5 to 8 percent of catchment area, wetlands are 1 to 5 percent of catchment area, natural areas are 1 to 7 percent of catchment area, and pervious pavement and green roofs are 100 percent of catchment area. Removal efficiency ranges - Runoff capture: bioretention (50 - 100%), detention / retention (62%), wetlands (54%), natural areas (50 - 54%), pervious pavement (71 - 100%), green roofs (50 - 75%) - TSS: bioretention (34 - 94%), detention / retention (18 - 91%), wetlands (86 - 96%), natural areas (34 - 96%), pervious pavement (25 - 94%), green roofs (39 - 75%) - Phosphorus: bioretention (25 - 95%), detention / retention (0 - 52%), wetlands (60 - 78%), natural areas (25 - 78%), pervious pavement (60 - 78%), green roofs (0 - 0%) - Nitrogen: bioretention (25 - 95%), detention / retention (25 - 91%), wetlands (9 - 46%), natural areas (25 - 46%), pervious pavement (25 - 71%), green roofs (0 - 93%)
B71: 3. Assumes BMP is visible from homes within 250 feet, and is well maintained.
B72: 4. Low energy savings based on tree saving 0.2 therms and 0 kWh per year (pond cypress in Dallas Tree Inventory Report), medium savings based on tree saving 2.4 therms and 60.9 kWh per year (average Dallas tree), high energy savings based on tree saving 8.9 therms and 300 kWh per year (large Afghan pine).
B73: 5. Assumes that 30-meter satellite pixels from the National Land Cover Database accurately represent the proportion of tree canopy versus other surfaces. Assumes average canopy per tree of 858 ft2 based on Dallas Urban Forest Report (14,677,852 trees over 452 square miles). Assumes average Texas tree removal rates of 0.28 g / m2 SO2, 5.88 g / m2 of O3, and 0.72 g / m2 of NO2. Assumes herbaceous vegetation captures 85.6% of SO2, 79.1% of O3, and 75.6% of NO2 compared with trees.
B74: 6. Based on values from EPA (2023) at discount rates of 1.5% (low), 2% (medium), and 2.5% (medium). Assumes social cost of carbon increases linearly between each decade marker year.
B75: 7. Assumes natural area is of sufficient size to warrant economic value for habitat (0.2 acre or more).
B76: 8. Assumes trees overshadow pavement and provide shade at least part of the year.
B77: 9. Assumes there are structures and roads downstream that will be benefitted.

Sheet Costs
B2: Economic Costs
B4: Step 3. This page contains quantified economic costs for use in the tool. If you prefer a different value, you may enter it in the 'Default Cost' column; otherwise, you may set it equal to the minimum and maximum benefits provided, according to the user guidance.
B6: Costs
B7: Cost Type | C7: Mitigation Measure | D7: Default Cost | E7: Cost (25th percentile) | F7: Average Cost | G7: Cost (75th percentile) | H7: Unit | I7: User Guidance | J7: Sources
B8: Present Value Cost* | C8: Bioretention | D8: =F8 -> 2681000 | E8: 1740000 | F8: 2681000 | G8: 3756000 | H8: $ / Acre | I8: Use lower costs if you are integrating GSI into an existing project as it is being built, you are sourcing material over a small distance, you have high-infiltration soil, and you are using native plants. Use higher costs if you are planting in low-infiltration soil, you expect utility conflicts, your project is a retrofit, you are sourcing material over a large distance, and your plants will need irrigation. | J8: EPA, 2015; Ellis, et al., 2014; Hathaway & Hunt, 2007; Headwaters Economics, 2022; Houle, et al., 2013; Kuok, et al., 2023; Martinez, 2009; McPherson & Peper, Costs of Street Tree Damage to Infrastructure, 1996; McPherson, et al., 2005; Minnesota Pollution Control Agency, 2025; Morrison & Mikulencak, 2012; Native Fish Conservation Network, 2026; NCTCOG, 2017; New Mexico Environment Department, 2023; NOAA, 2022; NOAA, 2015; Noack, 2018; Nordman, et al., 2018; Oklahoma Conservation Commission, 2008; RAND E&A, 2014; San Antonio River Authority, 2019; Texas State Soil & Water Conservation Board, 2016; TreeFolks, 2026; US Army Corps of Engineers, 2009; US Army Corps of Engineers, 2018; USDA NRCS, 2024; USGS, 2017; William, et al., 2016
C9: Detention / Retention Pond | D9: =F9 -> 2364000 | E9: 1553000 | F9: 2364000 | G9: 3174000 | H9: $ / Acre
C10: Constructed Wetland | D10: =F10 -> 1256000 | E10: 188000 | F10: 1256000 | G10: 1517000 | H10: $ / Acre
C11: Natural Area | D11: =F11 -> 20000 | E11: 0 | F11: 20000 | G11: 20000 | H11: $ / Acre
C12: Pervious Pavement | D12: =F12 -> 2865000 | E12: 1097000 | F12: 2865000 | G12: 16008000 | H12: $ / Acre
C13: Street Trees | D13: =F13 -> 2000 | E13: 1000 | F13: 2000 | G13: 2000 | H13: $ / Tree
C14: Green Roof | D14: =F14 -> 2522000 | E14: 1593000 | F14: 2522000 | G14: 3388000 | H14: $ / Acre
B16: * Bioretention is rebuilt in year 26. Wetland is rebuilt in year 36. Permeable pavement is rebuilt in years 25 and 50. Tree is removed and replanted in years 21 and 41. Green roof is rebuilt in year 41, but avoids costs of conventional roof replacement in years 21 and 41.

Sheet Results
B2: Benefit if Input is Acres (or per Tree) | O2: Land Purchase Costs
B3: BMP | C3: Avoided Downstream Flood Damages | D3: Avoided Stormwater Management Costs | E3: Energy Use | F3: Air Quality (Local) | G3: Habitat | H3: Reduced Pavement Maintenance | I3: Aesthetics and Recreation | J3: Water Quality (TSS) | K3: Total Lifecycle Benefits | L3: Total Lifecycle Costs | M3: BC Ratio | O3: County | P3: Cropland | Q3: Grazing Land | R3: Orchard | S3: Wildlife Management | T3: Unknown | U3: Other / Known Cost (insert land cost in cell below)
B4: Bioretention | C4: =Benefits!D61*adj*'Project Inputs & Results'!C17 -> #VALUE! | D4: =Benefits!D10*adj*'Project Inputs & Results'!C17 -> 0 | E4: =0 -> 0 | F4: =Benefits!D47*adj*'Project Inputs & Results'!C17 -> 0 | G4: 0 | H4: 0 | I4: =Benefits!D38*adj -> 0 | J4: =SUM(Benefits!D10,Benefits!D17,Benefits!D24)*adj*'Project Inputs & Results'!C17 -> 0 | K4: =SUM(C4:J4) -> #VALUE! | L4: =(Costs!D8+(IF('Project Inputs & Results'!C11="Yes",INDEX(landcost,MATCH('Project Inputs & Results'!$C$15,Results!$O$4:$O$10,0),MATCH('Project Inputs & Results'!$C$12,Results!$P$3:$U$3,0)),0)))*adj*'Project Inputs & Results'!$C$17 -> 0 | M4: =K4/L4 -> #VALUE! | O4: Dallas | P4: 24000 | Q4: 18000 | R4: 12000 | S4: 9000 | T4: 20000 | U4: ='Project Inputs & Results'!$C$13 -> 0
B5: Detention / Retention Pond | C5: =Benefits!D62*adj*'Project Inputs & Results'!C17 -> #VALUE! | D5: =Benefits!D11*adj*'Project Inputs & Results'!C17 -> 0 | E5: =0 -> 0 | F5: =Benefits!D48*adj*'Project Inputs & Results'!C17 -> 0 | G5: 0 | H5: 0 | I5: =Benefits!D39*adj -> 0 | J5: =SUM(Benefits!D11,Benefits!D18,Benefits!D25)*adj*'Project Inputs & Results'!C17 -> 0 | K5: =SUM(C5:J5) -> #VALUE! | L5: =(Costs!D9+(IF('Project Inputs & Results'!C11="Yes",INDEX(landcost,MATCH('Project Inputs & Results'!$C$15,Results!$O$4:$O$10,0),MATCH('Project Inputs & Results'!$C$12,Results!$P$3:$U$3,0)),0)))*adj*'Project Inputs & Results'!$C$17 -> 0 | M5: =K5/L5 -> #VALUE! | O5: Denton | P5: 22000 | Q5: 27000 | R5: 77000 | S5: 35000 | T5: 26000 | U5: ='Project Inputs & Results'!$C$13 -> 0
B6: Constructed Wetland | C6: =Benefits!D63*adj*'Project Inputs & Results'!C17 -> #VALUE! | D6: =Benefits!D12*adj*'Project Inputs & Results'!C17 -> 0 | E6: =0 -> 0 | F6: =Benefits!D49*adj*'Project Inputs & Results'!C17 -> 0 | G6: 0 | H6: 0 | I6: =Benefits!D40*adj -> 0 | J6: =SUM(Benefits!D12,Benefits!D19,Benefits!D26)*adj*'Project Inputs & Results'!C17 -> 0 | K6: =SUM(C6:J6) -> #VALUE! | L6: =(Costs!D10+(IF('Project Inputs & Results'!C11="Yes",INDEX(landcost,MATCH('Project Inputs & Results'!$C$15,Results!$O$4:$O$10,0),MATCH('Project Inputs & Results'!$C$12,Results!$P$3:$U$3,0)),0)))*adj*'Project Inputs & Results'!$C$17 -> 0 | M6: =K6/L6 -> #VALUE! | O6: Ellis | P6: 9000 | Q6: 8000 | R6: 11000 | S6: 7000 | T6: 9000 | U6: ='Project Inputs & Results'!$C$13 -> 0
B7: Natural Area | C7: =Benefits!D64*adj*'Project Inputs & Results'!C17 -> #VALUE! | D7: =Benefits!D13*adj*'Project Inputs & Results'!C17 -> 0 | E7: =0 -> 0 | F7: =IF('Project Inputs & Results'!C10="Forest",Benefits!D52*O14,Benefits!D50)*adj*'Project Inputs & Results'!C17 -> 0 | G7: =IF('Project Inputs & Results'!$C$10="Forest",Benefits!D57,IF('Project Inputs & Results'!$C$10="Wetland/Riparian",Benefits!D58,IF('Project Inputs & Results'!$C$10="Prairie",Benefits!D59,0)))*adj*'Project Inputs & Results'!C17 -> 0 | H7: 0 | I7: =Benefits!D41*adj -> 0 | J7: =SUM(Benefits!D13,Benefits!D20,Benefits!D27)*adj*'Project Inputs & Results'!C17 -> 0 | K7: =SUM(C7:J7) -> #VALUE! | L7: =(Costs!D11+(IF('Project Inputs & Results'!C11="Yes",INDEX(landcost,MATCH('Project Inputs & Results'!$C$15,Results!$O$4:$O$10,0),MATCH('Project Inputs & Results'!$C$12,Results!$P$3:$U$3,0)),0)))*adj*'Project Inputs & Results'!$C$17 -> 0 | M7: =K7/L7 -> #VALUE! | O7: Johnson | P7: 8000 | Q7: 6000 | R7: 18000 | S7: 8000 | T7: 6000 | U7: ='Project Inputs & Results'!$C$13 -> 0
B8: Pervious Pavement | C8: =Benefits!D65*adj*'Project Inputs & Results'!C17 -> #VALUE! | D8: =Benefits!D14*adj*'Project Inputs & Results'!C17 -> 0 | E8: =0 -> 0 | F8: =Benefits!D51*adj*'Project Inputs & Results'!C17 -> 0 | G8: 0 | H8: 0 | I8: =Benefits!D42*adj -> 0 | J8: =SUM(Benefits!D14,Benefits!D21,Benefits!D28)*adj*'Project Inputs & Results'!C17 -> 0 | K8: =SUM(C8:J8) -> #VALUE! | L8: =(Costs!D12+(IF('Project Inputs & Results'!C11="Yes",INDEX(landcost,MATCH('Project Inputs & Results'!$C$15,Results!$O$4:$O$10,0),MATCH('Project Inputs & Results'!$C$12,Results!$P$3:$U$3,0)),0)))*adj*'Project Inputs & Results'!$C$17 -> 0 | M8: =K8/L8 -> #VALUE! | O8: Parker | P8: 15000 | Q8: 15000 | R8: 20000 | S8: 12000 | T8: 15000 | U8: ='Project Inputs & Results'!$C$13 -> 0
B9: Street Trees | C9: =Benefits!D66*adj*'Project Inputs & Results'!$C$25 -> #VALUE! | D9: =Benefits!D15*adj*'Project Inputs & Results'!$C$25 -> 0 | E9: =Benefits!D45*adj*'Project Inputs & Results'!$C$25 -> 0 | F9: =Benefits!D52*adj*'Project Inputs & Results'!$C$25 -> 0 | G9: 0 | H9: =Benefits!D60*adj*'Project Inputs & Results'!$C$25 -> 0 | I9: =Benefits!D43*adj*'Project Inputs & Results'!$C$25 -> 0 | J9: =SUM(Benefits!D15,Benefits!D22,Benefits!D29)*adj*'Project Inputs & Results'!$C$25 -> 0 | K9: =SUM(C9:J9) -> #VALUE! | L9: =(Costs!D13+(IF('Project Inputs & Results'!C11="Yes",INDEX(landcost,MATCH('Project Inputs & Results'!$C$15,Results!$O$4:$O$10,0),MATCH('Project Inputs & Results'!$C$12,Results!$P$3:$U$3,0)),0)))*adj*'Project Inputs & Results'!$C$25 -> 0 | M9: =K9/L9 -> #VALUE! | O9: Tarrant | P9: 22000 | Q9: 15000 | R9: 75000 | S9: 18000 | T9: 16000 | U9: ='Project Inputs & Results'!$C$13 -> 0
B10: Green Roof | C10: =Benefits!D67*adj*'Project Inputs & Results'!C17 -> #VALUE! | D10: =Benefits!D16*adj*'Project Inputs & Results'!C17 -> 0 | E10: =Benefits!D46*adj*'Project Inputs & Results'!C17 -> 0 | F10: =Benefits!D53*adj*'Project Inputs & Results'!C17 -> 0 | G10: 0 | H10: 0 | I10: =Benefits!D44*adj -> 0 | J10: =SUM(Benefits!D16,Benefits!D23,Benefits!D30)*adj*'Project Inputs & Results'!C17 -> 0 | K10: =SUM(C10:J10) -> #VALUE! | L10: =(Costs!D14+(IF('Project Inputs & Results'!C11="Yes",INDEX(landcost,MATCH('Project Inputs & Results'!$C$15,Results!$O$4:$O$10,0),MATCH('Project Inputs & Results'!$C$12,Results!$P$3:$U$3,0)),0)))*adj*'Project Inputs & Results'!$C$17 -> 0 | M10: =K10/L10 -> #VALUE! | O10: Wise | P10: 8000 | Q10: 10000 | R10: 5000 | S10: 9000 | T10: 10000 | U10: ='Project Inputs & Results'!$C$13 -> 0
B12: Benefit if Input in Square Feet (or for Number of Trees)
B13: BMP | C13: =C3 -> Avoided Downstream Flood Damages | D13: =D3 -> Avoided Stormwater Management Costs | E13: =E3 -> Energy Use | F13: =F3 -> Air Quality (Local) | G13: =G3 -> Habitat | H13: =H3 -> Reduced Pavement Maintenance | I13: =I3 -> Aesthetics and Recreation | J13: =J3 -> Water Quality (TSS) | ... M13: =M3 -> BC Ratio | O13: Trees per Acre (Dallas Urban Forest)
B14: =B4 -> Bioretention | C14: =C4/Benefits!$M$13 -> #VALUE! | D14: =D4/Benefits!$M$13 -> 0 | E14: =E4/Benefits!$M$13 -> 0 | F14: =F4/Benefits!$M$13 -> 0 | G14: =G4/Benefits!$M$13 -> 0 | H14: =H4/Benefits!$M$13 -> 0 | I14: =I4 -> 0 | J14: =J4/Benefits!$M$13 -> 0 | K14: =K4/Benefits!$M$13 -> #VALUE! | L14: =L4/Benefits!$M$13 -> 0 | M14: =K14/L14 -> #VALUE! | O14: 50.739374
B15: =B5 -> Detention / Retention Pond | C15: =C5/Benefits!$M$13 -> #VALUE! | D15: =D5/Benefits!$M$13 -> 0 | E15: =E5/Benefits!$M$13 -> 0 | F15: =F5/Benefits!$M$13 -> 0 | G15: =G5/Benefits!$M$13 -> 0 | H15: =H5/Benefits!$M$13 -> 0 | I15: =I5 -> 0 | J15: =J5/Benefits!$M$13 -> 0 | K15: =K5/Benefits!$M$13 -> #VALUE! | L15: =L5/Benefits!$M$13 -> 0 | M15: =K15/L15 -> #VALUE!
B16: =B6 -> Constructed Wetland | C16: =C6/Benefits!$M$13 -> #VALUE! | D16: =D6/Benefits!$M$13 -> 0 | E16: =E6/Benefits!$M$13 -> 0 | F16: =F6/Benefits!$M$13 -> 0 | G16: =G6/Benefits!$M$13 -> 0 | H16: =H6/Benefits!$M$13 -> 0 | I16: =I6 -> 0 | J16: =J6/Benefits!$M$13 -> 0 | K16: =K6/Benefits!$M$13 -> #VALUE! | L16: =L6/Benefits!$M$13 -> 0 | M16: =K16/L16 -> #VALUE!
B17: =B7 -> Natural Area | C17: =C7/Benefits!$M$13 -> #VALUE! | D17: =D7/Benefits!$M$13 -> 0 | E17: =E7/Benefits!$M$13 -> 0 | F17: =F7/Benefits!$M$13 -> 0 | G17: =G7/Benefits!$M$13 -> 0 | H17: =H7/Benefits!$M$13 -> 0 | I17: =I7 -> 0 | J17: =J7/Benefits!$M$13 -> 0 | K17: =K7/Benefits!$M$13 -> #VALUE! | L17: =L7/Benefits!$M$13 -> 0 | M17: =K17/L17 -> #VALUE!
B18: =B8 -> Pervious Pavement | C18: =C8/Benefits!$M$13 -> #VALUE! | D18: =D8/Benefits!$M$13 -> 0 | E18: =E8/Benefits!$M$13 -> 0 | F18: =F8/Benefits!$M$13 -> 0 | G18: =G8/Benefits!$M$13 -> 0 | H18: =H8/Benefits!$M$13 -> 0 | I18: =I8 -> 0 | J18: =J8/Benefits!$M$13 -> 0 | K18: =K8/Benefits!$M$13 -> #VALUE! | L18: =L8/Benefits!$M$13 -> 0 | M18: =K18/L18 -> #VALUE!
B19: =B9 -> Street Trees | C19: =C9 -> #VALUE! | D19: =D9 -> 0 | E19: =E9 -> 0 | F19: =F9 -> 0 | G19: =G9 -> 0 | H19: =H9 -> 0 | I19: =I9 -> 0 | ... L19: =L9 -> 0 | M19: =K19/L19 -> #VALUE!
B20: =B10 -> Green Roof | C20: =C10/Benefits!$M$13 -> #VALUE! | D20: =D10/Benefits!$M$13 -> 0 | E20: =E10/Benefits!$M$13 -> 0 | F20: =F10/Benefits!$M$13 -> 0 | G20: =G10/Benefits!$M$13 -> 0 | H20: =H10/Benefits!$M$13 -> 0 | I20: =I10 -> 0 | J20: =J10/Benefits!$M$13 -> 0 | K20: =K10/Benefits!$M$13 -> #VALUE! | L20: =L10/Benefits!$M$13 -> 0 | M20: =K20/L20 -> #VALUE!
B22: Avoided Downstream Flooding by Watershed
B23: Metric | C23: Present Value Damages, 2027 to 2076 | D23: Present Value Damages, 2027 to 2077, Existing Structures Only | E23: Optimization Model, Local Storage Required | F23: PV / AF | G23: PV/ AF Only existing structures
B24: Village Creek | C24: 244100000 | D24: 192600000 | E24: 9550 | F24: =ROUND(C24/$E24,-3) -> 26000 | G24: =ROUND(D24/$E24,-3) -> 20000
B25: Mary’s Creek | C25: 57300000 | D25: 41100000 | E25: 3240 | F25: =ROUND(C25/$E25,-3) -> 18000 | G25: =ROUND(D25/$E25,-3) -> 13000
B26: Upper Clear Fork Trinity River | C26: 690200000 | D26: 324400000 | E26: 41470 | F26: =ROUND(C26/$E26,-3) -> 17000 | G26: =ROUND(D26/$E26,-3) -> 8000
B27: Mountain Creek | C27: 81600000 | D27: 43800000 | E27: 12710 | F27: =ROUND(C27/$E27,-3) -> 6000 | G27: =ROUND(D27/$E27,-3) -> 3000
B28: Other | C28: =SUM(C24:C27) -> 1073200000 | D28: =SUM(D24:D27) -> 601900000 | E28: =SUM(E24:E27) -> 66970 | F28: =ROUND(C28/$E28,-3) -> 16000 | G28: =ROUND(D28/$E28,-3) -> 9000
